 Dungeon Crawl Stone Soup version 0.30-a0-996-ga6910c8ee8 (webtiles) character file.

Game seed: 8200911611894756489

17056 Newt the Markskobold (level 12, -5/61 HPs)
             Began as a Kobold Hunter on Apr 4, 2023.
             Was an Elder of Hepliaklqana.
             Slain by a skeletal warrior
             ... wielding a +0 scimitar
              (25 damage)
             ... on level 12 of the Dungeon.
             The game lasted 00:16:48 (13233 turns).

Newt the Markskobold (Kobold Hunter)               Turns: 13233, Time: 00:16:49

Health: -5/61      AC: 12    Str: 10    XL:     12   Next: 77%
Magic:  19/20      EV: 33    Int: 16    God:    Hepliaklqana [****..]
Gold:   202        SH:  0    Dex: 22    Spells: 16/22 levels left

rFire   + + .      SeeInvis .    a - +1 shortbow (flame)
rCold   x . .      Faith    .    (shield currently unavailable)
rNeg    . . .      Spirit   .    G - +3 leather armour {rF+}
rPois   .          Reflect  .    s - +1 helmet
rElec   .          Rampage  .    b - +2 cloak
rCorr   .                        (no gloves)
Will    .....                    (no boots)
Stlth   +++                      A - amulet of the acrobat
HPRegen 0.30/turn                C - +6 ring of intelligence
MPRegen 0.17/turn                E - ring of fire

@: acrobatic
A: reduced essence, small, no large weapons, nightstalker 3
a: Renounce Religion, Recall Ancestor, Ancestor Identity, Transference, Idealise


You were on level 12 of the Dungeon.
You worshipped Hepliaklqana.
Hepliaklqana was greatly pleased with you.
You visited 2 branches of the dungeon, and saw 13 of its levels.
You also visited: Sewer.

You collected 566 gold pieces.
You spent 364 gold pieces at shops.

Inventory:

Hand Weapons
 a - a +1 shortbow of flaming (weapon)
Armour
 b - a +2 cloak (worn)
 c - a +0 leather armour
 h - a +1 leather armour of cold resistance
 s - a +1 helmet (worn)
 G - a +3 leather armour of fire resistance (worn)
Jewellery
 d - a ring of willpower
 l - a +6 ring of strength
 o - a ring of see invisible
 q - a ring of positive energy
 y - a ring of positive energy
 A - an amulet of the acrobat (around neck)
 C - a +6 ring of intelligence (left hand)
 E - a ring of fire (right hand)
 K - a +5 ring of evasion
 L - a +6 ring of intelligence
 M - a +5 ring of evasion
 N - a +6 ring of intelligence
 P - an amulet of faith
Wands
 e - a wand of flame (71)
 f - a wand of paralysis (21)
 k - a wand of mindburst (5)
 H - a wand of light (10)
Scrolls
 g - 3 scrolls of fear
 v - 3 scrolls of vulnerability
 w - 3 scrolls of teleportation
 F - a scroll of fog
 I - a scroll of blinking
Potions
 i - 2 potions of attraction
 j - 3 potions of ambrosia
 m - a potion of berserk rage
 n - 2 potions of haste
 p - 7 potions of curing
 r - 4 potions of degeneration
 t - a potion of lignification
 u - a potion of mutation
 x - 2 potions of might
 z - 2 potions of heal wounds
 B - a potion of magic
 D - 2 potions of flight
 J - 2 potions of brilliance


   Skills:
 - Level 5.0 Fighting
 - Level 16.0 Ranged Weapons
 - Level 5.0 Armour
 - Level 6.0 Dodging
 - Level 1.3 Stealth
 - Level 5.8 Spellcasting
 - Level 5.8 Hexes
 - Level 6.7 Translocations
 - Level 5.9 Fire Magic
 + Level 6.5 Invocations


You had 16 spell levels left.
You knew the following spells:

 Your Spells              Type           Power      Damage    Failure   Level
a - Inner Flame           Hex/Fire       35%        N/A       4%          3
b - Portal Projectile     Hex/Tloc       48%        N/A       4%          3

Your spell library contained the following spells:

 Spells                   Type           Power      Damage    Failure   Level
 Ensorcelled Hibernation  Hex/Ice        28%        N/A       9%          2
 Shock                    Conj/Air       16%        1d4       19%         1
 Sting                    Tmut/Pois      16%        1d3       19%         1
 Passwall                 Tmut/Erth      3%         N/A       28%         2
 Poisonous Vapours        Pois/Air       8%         N/A       28%         2
 Call Canine Familiar     Summ           4%         N/A       50%         3
 Swiftness                Air            4%         N/A       50%         3
 Flame Wave               Conj/Fire      21%        2d8       50%         4
 Leda's Liquefaction      Hex/Erth       7%         N/A       50%         4
 Sticky Flame             Conj/Fire      21%        2d4       50%         4
 Airstrike                Air            2%         2d(1-17)  88%         4
 Olgreb's Toxic Radiance  Pois           4%         N/A       88%         4


Dungeon Overview and Level Annotations

Branches:
Dungeon (12/15)            Temple (1/1) D:5            Lair (0/5) D:9
    Orc (0/2) D:10          Sewer (visited)

Altars:
Ashenzari
Cheibriados
Dithmenos
Elyvilon
Fedhas
Gozag
Hepliaklqana
Kikubaaqudgha
Makhleb
Nemelex Xobeh
Okawaru
Qazlal
Ru
Sif Muna
Trog
Uskayaw
Vehumet
Wu Jian
Xom
Yredelemnul
Zin
The Shining One

Shops:
D:9 :

Annotations:
D:4 2 transporters, sargonster's ghost, novice HOBe


Innate Abilities, Weirdness & Mutations

Your life essence is reduced to manifest your ancestor. (-10% HP)
You are small and have problems with some larger weapons.
You are completely attuned to the shadows.


Message History

The skeletal warrior explodes!
The fiery explosion engulfs the skeletal warrior!!
The skeletal warrior is heavily damaged.
The fiery explosion engulfs the skeletal warrior!!
The skeletal warrior is heavily damaged.
The skeletal warrior is engulfed in blazing flames.
Your Invocations skill increases to level 6!
Unknown command.
Unknown command.
Unknown command.
You shoot an arrow.
The arrow barely misses the skeletal warrior.
Unknown command.
You shoot an arrow.
The arrow hits the skeletal warrior but does no damage.
The skeletal warrior is heavily damaged.
The skeletal warrior is engulfed in blazing flames.
The skeletal warrior hits you with a +0 scimitar!
The skeletal warrior is engulfed in blazing flames.
The skeletal warrior hits you with a +0 hand axe.
You shoot an arrow.
The arrow barely misses the skeletal warrior.
The skeletal warrior is engulfed in blazing flames.
The skeletal warrior closely misses you.
The skeletal warrior is engulfed in blazing flames.
The skeletal warrior hits you with a +0 hand axe.
Unknown command.
You shoot an arrow.
The arrow hits the skeletal warrior but does no damage.
The skeletal warrior is severely damaged.
The skeletal warrior is engulfed in blazing flames.
The skeletal warrior hits you with a +0 scimitar!
The skeletal warrior hits you with a +0 hand axe!
Unknown command.
Unknown command.
The skeletal warrior attacks as you move away!
The skeletal warrior completely misses you.
The skeletal warrior is engulfed in blazing flames.
The skeletal warrior hits you with a +0 scimitar!!
You die...

##. ##!#
.##..# ..§z.##
.§§z..##
..§§@..###
.##......###
####.....#
#....#.#
#....###
##.....#
..####......#
...#........##
#............#


You could see 2 skeletal warriors.

Vanquished Creatures
  3 two-headed ogres
  A boulder beetle (D:12)
  A skeletal warrior (D:12)
  Pikel (D:4)
  3 manticores
  4 gargoyles
  A komodo dragon (D:10)
  Grinder (D:3)
  3 slime creatures (D:9)
  Sigmund (D:3)
  2 shadows
  10 yaks
  Eustachio (D:6)
  4 vampire mosquitoes
  Menkaure (D:4)
  4 steam dragons
  2 acid dragons
  2 water moccasins
  2 ice beasts
  3 sky beasts
  3 black bears
  An ogre (D:5)
  3 centaurs
  2 kobold brigands
  A phantom (D:10)
  7 bullfrogs
  2 gnoll sergeants
  4 scorpions
  8 wights
  A troll zombie (D:10)
  4 howler monkeys
  6 jellies
  Crazy Yiuf (D:2)
  2 hounds
  4 orc priests
  2 gnoll boudas
  Ijyb (D:3)
  Natasha (twice) (D:2)
  14 iguanas
  A sleepcap (D:6)
  6 orc wizards
  4 ogre zombies (D:10)
  Robin (D:4)
  15 adders
  32 gnolls
  A river rat (Sewer)
  A shadow imp (D:5)
  2 white imps
  2 ufetubi
  6 worms
  8 dart slugs
  25 orcs
  17 endoplasms
  9 giant cockroaches
  14 goblins
  8 hobgoblins
  7 jackals
  5 quokkas
  7 ball pythons
  4 bats
  8 frilled lizards
  A goblin skeleton (D:10)
  3 goblin zombies (D:10)
  A hobgoblin zombie (D:10)
  12 kobolds
  17 orc zombies (D:10)
  7 rats
342 creatures vanquished.

Vanquished Creatures (collateral kills)
  A gargoyle (D:10)
  An unseen horror (D:11)
  5 yaks
  2 vampire mosquitoes (D:10)
  A basilisk (D:12)
  An orc warrior (D:9)
  An ice beast (D:8)
  A kobold brigand (D:9)
  2 bullfrogs
  A gnoll sergeant (D:9)
  A troll zombie (D:10)
  2 howler monkeys
  A jelly (D:7)
  A gnoll bouda (D:8)
  An orc wizard (D:10)
  2 ogre zombies (D:10)
  A gnoll (D:9)
  3 orcs
  2 orc zombies (D:10)
30 creatures vanquished.

Vanquished Creatures (others)
  2 knights
  An ancestor (D:8)
  44 fungi
  60 plants
107 creatures vanquished.

Grand Total: 479 creatures vanquished

Notes
Turn   | Place    | Note
-------+----------+-------------------------------------------
     0 | D:1      | Newt the Kobold Hunter began the quest for the Orb.
     0 | D:1      | Reached XP level 1. HP: 12/12 MP: 1/1
   123 | D:1      | Reached XP level 2. HP: 16/18 MP: 2/2
   265 | D:1      | You fall into a shaft and drop 1 floor!
   333 | D:2      | Reached XP level 3. HP: 15/24 MP: 3/3
   359 | D:2      | Reached XP level 4. HP: 15/30 MP: 4/4
   662 | D:2      | Noticed Natasha
   666 | D:2      | Killed Natasha
   667 | D:2      | Reached skill level 5 in Fighting
   734 | D:2      | Reached XP level 5. HP: 35/35 MP: 5/5
  1053 | D:2      | Found a runed translucent door.
  1056 | D:2      | Noticed Crazy Yiuf
  1061 | D:2      | Killed Crazy Yiuf
  1062 | D:2      | Reached skill level 6 in Ranged Weapons
  1433 | D:2      | Noticed Natasha
  1456 | D:2      | Killed Natasha
  1958 | D:2      | Reached skill level 7 in Ranged Weapons
  2092 | D:3      | Reached XP level 6. HP: 40/40 MP: 6/6
  2362 | D:3      | Noticed Grinder
  2364 | D:3      | Paralysed by Grinder for 4 turns
  2373 | D:3      | Paralysed by Grinder for 4 turns
  2380 | D:3      | Paralysed by Grinder for 5 turns
  2386 | D:3      | Killed Grinder
  2387 | D:3      | Reached skill level 9 in Ranged Weapons
  2387 | D:3      | Reached XP level 7. HP: 7/44 MP: 7/7
  2634 | D:3      | Noticed Sigmund
  2641 | D:3      | Killed Sigmund
  2642 | D:3      | Reached skill level 10 in Ranged Weapons
  2693 | D:3      | Noticed Ijyb
  2695 | D:3      | Paralysed by Ijyb for 4 turns
  2712 | D:3      | Killed Ijyb
  3029 | D:4      | Found a transporter.
  3032 | D:4      | Noticed sargonster's ghost (novice HOBe)
  3033 | D:4      | Found a transporter.
  3057 | D:4      | Found a glowing golden altar of the Shining One.
  3082 | D:4      | Found a snail-covered altar of Cheibriados.
  3191 | D:4      | Found a stormy altar of Qazlal.
  3211 | D:4      | Reached XP level 8. HP: 49/49 MP: 8/8
  3222 | D:4      | Reached skill level 5 in Dodging
  3309 | D:4      | Noticed Menkaure
  3319 | D:4      | Killed Menkaure
  3639 | D:4      | Noticed Robin
  3645 | D:4      | Killed Robin
  3781 | D:4      | Noticed Pikel
  3801 | D:4      | Killed Pikel
  3802 | D:4      | Reached skill level 12 in Ranged Weapons
  3802 | D:4      | Reached XP level 9. HP: 17/54 MP: 9/9
  4128 | D:5      | Entered Level 5 of the Dungeon
  4273 | D:5      | Found a glowing drain.
  4282 | Sewer    | Entered a sewer
  4438 | Sewer    | Reached skill level 13 in Ranged Weapons
  4490 | Sewer    | Found a viscous altar of Jiyva.
  4740 | D:5      | Found a staircase to the Ecumenical Temple.
  4763 | Temple   | Entered the Ecumenical Temple
  4935 | Temple   | Became a worshipper of Hepliaklqana the Forgotten
  5070 | D:5      | Found an iron altar of Okawaru.
  5204 | D:5      | Reached skill level 14 in Ranged Weapons
  5216 | D:5      | Learned a level 3 spell: Inner Flame
  5311 | D:5      | Reached skill level 1 in Spellcasting
  5311 | D:5      | Reached skill level 1 in Hexes
  5311 | D:5      | Reached skill level 1 in Fire Magic
  5953 | D:6      | Reached XP level 10. HP: 59/59 MP: 12/14
  6086 | D:6      | Found a hide-covered altar of Uskayaw.
  6827 | D:6      | Noticed Eustachio
  6838 | D:6      | Killed Eustachio
  6979 | D:6      | Reached * piety under Hepliaklqana
  6991 | D:6      | Found a glowing silver altar of Zin.
  7729 | D:7      | Found a bloodstained altar of Trog.
  7729 | D:7      | Found a blossoming altar of Fedhas.
  8116 | D:7      | Found a shimmering altar of Xom.
  8454 | D:8      | Reached skill level 5 in Hexes
  8454 | D:8      | Reached skill level 5 in Fire Magic
  8459 | D:8      | Reached skill level 5 in Spellcasting
  8495 | D:8      | Noticed a two-headed ogre
  8501 | D:8      | Killed a two-headed ogre
  8842 | D:8      | Reached XP level 11. HP: 56/56 MP: 19/19
  9076 | D:8      | Reached ** piety under Hepliaklqana
  9077 | D:8      | Remembered your ancestor Wilfreda as a knight
  9430 | D:9      | Noticed a two-headed ogre
  9436 | D:9      | Killed a two-headed ogre
  9437 | D:9      | Reached skill level 15 in Ranged Weapons
  9626 | D:9      | Reached skill level 16 in Ranged Weapons
  9636 | D:9      | Found a staircase to the Lair.
  9662 | D:9      | Reached skill level 1 in Armour
  9960 | D:9      | Found Jeagg's Book Emporium.
  9966 | D:9      | Bought a book of the Hunter for 364 gold pieces
 10074 | D:9      | Learned a level 3 spell: Portal Projectile
 10642 | D:10     | Entered Level 10 of the Dungeon
 10929 | D:10     | Reached skill level 5 in Armour
 10932 | D:10     | Reached skill level 1 in Translocations
 11017 | D:10     | Reached XP level 12. HP: 49/61 MP: 13/20
 11221 | D:10     | Found a staircase to the Orcish Mines.
 11382 | D:10     | Reached *** piety under Hepliaklqana
 11834 | D:11     | Reached skill level 5 in Translocations
 11952 | D:11     | Reached skill level 1 in Invocations
 12807 | D:12     | Noticed a two-headed ogre
 12812 | D:12     | Killed a two-headed ogre
 12909 | D:12     | Noticed a boulder beetle
 12923 | D:12     | Killed a boulder beetle
 12924 | D:12     | Reached skill level 5 in Invocations
 13186 | D:12     | Reached **** piety under Hepliaklqana
 13212 | D:12     | Noticed a skeletal warrior
 13216 | D:12     | Noticed a skeletal warrior
 13219 | D:12     | Noticed a skeletal warrior
 13228 | D:12     | Killed a skeletal warrior
 13233 | D:12     | Slain by a skeletal warrior

Illustrated notes

Levels and vault maps discovered:
D:1:      lightli_arrival_quake, layout_loops_ring, basic_ecumenical_altar
D:2:      layout_basic, minmay_tripent, uniq_crazy_yiuf_cottage, uniq_natasha
D:3:      layout_basic, minivault_11, uniq_grinder, uniq_sigmund, uniq_ijyb
D:4:      minmay_evil_eye, layout_rooms, grunt_temple_overflow_open,
          grunt_qazlal_clouds, gammafunk_ghost_smash, uniq_menkaure, uniq_pikel,
          uniq_robin
D:5:      minmay_bubble_buster, layout_basic, kennysheep_little_box,
          minmay_temple_entry_overgrown, portal_sewer_entry_f
D:6:      layout_basic, zin_scriptorium, kennysheep_mini_moat,
          chequers_decorated_corner, serial_bayou_pond_d, uniq_eustachio
D:7:      cheibrodos_iron_armory, layout_loops_corners,
          nicolae_overflow_two_pavilions, mainiacjoe_overflow_brackets,
          minmay_misc_feat_plants
D:8:      kennysheep_ambush_hall, layout_rooms
D:9:      layout_layer_cave, due_lair_maze_entry_diamond, serial_shops, shop
D:10:     layout_basic, zombieorc2_lemuel
D:11:     layout_roguey, st_stairs_7, reono_crystal_passage,
          grunt_decor_junction
D:12:     layout_layer_cave, gauntlet_entry_generic
Temple:   hellmonk_temple_forest_ring

Skill      XL: |  1  2  3  4  5  6  7  8  9 10 11 12 |
---------------+-------------------------------------+-----
Fighting       | 3 4 5 |  5.0
Ranged Weapons | 7 9 10 12 14 16 | 16.0
Dodging        | 4 6 |  6.0
Spellcasting   | 2 5 |  5.8
Hexes          | 2 5 |  5.8
Fire Magic     | 2 5 |  5.9
Armour         | 5 |  5.0
Translocations | 2 6 |  6.7
Invocations    | 6 |  6.5
Stealth        | |  1.3

Action                     |  1- 3 |  4- 6 |  7- 9 | 10-12 || total
---------------------------+-------+-------+-------+-------++-------
  Melee: Shortbow          |       |       |     1 |       ||     1
   Fire: Shortbow          |    47 |   125 |   430 |   613 ||  1215
   Cast: Inner Flame       |       |       |       |    44 ||    44
         Portal Projectile |       |       |       |     3 ||     3
 Invoke: Ancestor Life: Kn |       |       |       |     1 ||     1
  Evoke: Wand              |       |     3 |     5 |       ||     8
    Use: Scroll            |       |     5 |    10 |    10 ||    25
         Potion            |       |     1 |     1 |       ||     2
 Armour: Leather armour    |     4 |    20 |    19 |    34 ||    77
  Dodge: Dodged            |    18 |    57 |   138 |   135 ||   348

Table legend: (Time is in decaauts)
 A = Elapsed time spent in this place.
 B = Non-inter-level travel time spent in this place.
 C = Inter-level travel time spent in this place.
 D = Time resting spent in this place.
 E = Time spent auto-exploring this place.
 F = Levels seen in this place.
 G = Mean time per level.
                   A        B        C        D        E       F      G
               +--------+--------+--------+--------+--------+-----+--------+
         Total |  13129 |  12733 |    396 |   1882 |   8699 |  14 |  937.8 |
       Dungeon |  12652 |  12290 |    362 |   1882 |   8390 |  12 | 1054.3 |
        Temple |    188 |    154 |     34 |      0 |    137 |   1 |  188.0 |
         Sewer |    288 |    288 |      0 |      0 |    172 |   1 |  288.0 |
               +--------+--------+--------+--------+--------+-----+--------+

Top non-repeatable levels by time:
     D:2: 1865 daAuts
     D:9: 1279 daAuts
     D:6: 1277 daAuts
     D:8: 1150 daAuts
     D:7: 1127 daAuts
     D:5: 1109 daAuts
    D:11: 1107 daAuts
     D:3: 1100 daAuts
     D:4: 948 daAuts
    D:10: 856 daAuts
    D:12: 557 daAuts
   Sewer: 288 daAuts
     D:1: 272 daAuts
  Temple: 188 daAuts
